 Dungeon Crawl Stone Soup version 0.29-a0-284-gf9362112df (webtiles) character file.

Game seed: 167625663158752614

443 RatsInWalls the Caller (level 7, -5/52 HPs)
             Began as a Merfolk Summoner on Apr 1, 2022.
             Slain by Pikel
             ... wielding a +1 whip of electrocution
              (12 damage)
             ... on level 4 of the Dungeon.
             The game lasted 00:24:58 (4990 turns).

RatsInWalls the Caller (Merfolk Summoner)           Turns: 4990, Time: 00:24:59

Health: -5/52      AC:  3    Str:  8    XL:     7   Next: 2%
Magic:  5/12       EV: 14    Int: 12    God:
Gold:   209        SH:  0    Dex: 14    Spells: 6/12 levels left

rFire   . . .      SeeInvis +   C - +5 spear "Jighie Exis" {vorpal, rN+++ Int-5 SInv Stlth-}
rCold   + . .      Faith    .   (no shield)
rNeg    + + +      Spirit   .   w - +0 robe {rC+}
rPois   .          Reflect  .   i - +0 helmet
rElec   .          Harm     .   q - scarf {shadows}
rCorr   .          Rampage  .   (no gloves)
Will    .....                   (no boots)
Stlth   +.........              (no amulet)
HPRegen 0.17/turn               e - ring of flight
MPRegen 0.13/turn               (no ring)

@: flying
A: (nimble swimmer 2), mertail
a: no special abilities


You were on level 4 of the Dungeon.
You visited 1 branch of the dungeon, and saw 5 of its levels.

You collected 209 gold pieces.

Inventory:

Hand Weapons
 o - a +0 spear
 C - the +5 spear "Jighie Exis" (weapon) {vorpal, rN+++ Int-5 SInv Stlth-}
   (You found it on level 4 of the Dungeon)

   It inflicts extra damage upon your enemies.
   Int:       It affects your intelligence (-5).
   rN:        It renders you almost immune to negative energy.
   SInv:      It lets you see invisible.
   Stlth:     It makes you less stealthy.
Missiles
 a - a throwing net
 g - 40 stones
 p - 6 poisoned darts
Armour
 i - a +0 helmet (worn)
 q - a scarf of shadows (worn)
 v - a +1 leather armour of fire resistance
 w - a +0 robe of cold resistance (worn)
Magical Staves
 B - a staff of poison
Jewellery
 e - a ring of flight (left hand)
 z - a ring of positive energy
Scrolls
 d - a scroll of magic mapping {unknown}
 j - a scroll of vulnerability {unknown}
 k - a scroll of silence {unknown}
 l - a scroll of torment {unknown}
 r - 2 scrolls of teleportation {unknown}
 s - a scroll of blinking {unknown}
 t - a scroll of identify {unknown}
 y - a scroll of amnesia {unknown}
Potions
 b - 2 potions of magic
 c - 2 potions of cancellation {unknown}
 f - a potion of resistance {unknown}
 h - a potion of mutation {unknown}
 m - 5 potions of curing {unknown}
 n - 2 potions of attraction {unknown}
 u - a potion of berserk rage {unknown}
 x - a potion of lignification {unknown}
 A - a potion of degeneration {unknown}


   Skills:
 + Level 3.0 Fighting
 + Level 3.2 Polearms
 + Level 1.0 Armour
 + Level 4.7 Dodging
 - Level 2.2 Stealth
 + Level 3.3 Spellcasting
 + Level 5.1 Summonings


You had 6 spell levels left.
You knew the following spells:

 Your Spells              Type           Power      Damage    Failure   Level
a - Summon Small Mammal   Summ           56%        N/A       2%          1
b - Call Imp              Summ           14%        N/A       4%          2
c - Call Canine Familiar  Summ           14%        N/A       9%          3

Your spell library contained the following spells:

 Spells                   Type           Power      Damage    Failure   Level
 Apportation              Tloc           4%         N/A       24%         1
 Freeze                   Ice            8%         1d3       24%         1
 Summon Guardian Golem    Hex/Summ       8%         N/A       24%         3
 Conjure Flame            Conj/Fire      2%         6-21      56%         3
 Frozen Ramparts          Ice            4%         1d2       56%         3
 Ignite Poison            Fire/Tmut/Pois 2%         N/A       56%         3
 Summon Lightning Spire   Summ/Air       8%         N/A       63%         4
 Hailstorm                Conj/Ice       2%         3d3       93%         4
 Sticky Flame             Conj/Fire      2%         2d3       93%         4
 Alistair's Intoxication  Tmut/Pois      1%         N/A       100%        5
 Conjure Ball Lightning   Conj/Air       1%         3x3d6     100%        6
 Discord                  Hex            1%         N/A       100%        8
 Disjunction              Tloc           1%         N/A       100%        8


Dungeon Overview and Level Annotations

Branches:
Dungeon (5/15)
 Temple: D:4-7

Altars:

Shops:
D:1 (

Annotations:
D:4 Pikel


Innate Abilities, Weirdness & Mutations

((You are very nimble when in or above water. (Stealth+, EV+, Speed+++)))
Your lower body shifts to a powerful aquatic tail in water.


Message History

A beastly little devil appears in a puff of frigid air.
Your hound barely misses Pikel.
Pikel hits you with a +1 whip of electrocution.
You are electrocuted!
Your hound closely misses Pikel.
Pikel attacks as you move away! Pikel closely misses you.
Your hound bites Pikel but does no damage.
Your white imp barely misses Pikel.
Casting: Call Imp (safe; 4% risk of failure)
Confirm with . or Enter, or press ? or * to list all spells.
Pikel hits you with a +1 whip of electrocution!
* * * LOW HITPOINT WARNING * * *
Your white imp barely misses Pikel.
Your hound closely misses Pikel.
Unknown command.
You swap places.
Your hound bites Pikel.
Pikel hits your quokka with a +1 whip of electrocution.
Your quokka bites Pikel but does no damage.
Your white imp hits Pikel but does no damage.
Your hound bites Pikel but does no damage.
Your quokka closely misses Pikel.
Pikel hits your quokka with a +1 whip of electrocution!
Your quokka dies!
Your quokka's corpse disappears in a puff of smoke!
Your hound barely misses Pikel.
Your white imp hits Pikel but does no damage.
Casting: Summon Small Mammal (safe; 2% risk of failure)
Confirm with . or Enter, or press ? or * to list all spells.
Your hound bites Pikel but does no damage.
Your white imp gestures at Pikel.
The puff of frost hits Pikel!
Unknown command.
Casting: Summon Small Mammal (safe; 2% risk of failure)
Confirm with . or Enter, or press ? or * to list all spells.
Unknown command.
Pikel attacks as you move away! Pikel closely misses you.
Your rat bites Pikel.
Pikel attacks as you move away!
Pikel hits you with a +1 whip of electrocution.
* * * LOW HITPOINT WARNING * * *
You are electrocuted!
You die...

###.#...........# #..#
#.###########.# ##.# ###.###
#.....# #.# ......# #.##### #.#
###.#.# #.# ###.######### #.#.#
#.# #...........# #.#.# #.#
#.#.#######.# #.#.#
#.#######<#.#######<# #5#.#
#.5hrK@..........#..#
#ยง#.#####r.####.....#.....#.###
#r#...>..r.#........#.##.###...
#........h...##.....#.###.#.###
#########.............# ##>.#
#########.##### ##.#
#.#########.# #...........#
#############


You could see Pikel (ally target), a friendly hound (summoned), a friendly white
imp (summoned), a friendly quokka (summoned) and a friendly rat (summoned).

Vanquished Creatures
  A scorpion (D:4)
  2 adders (D:3)
  A worm (D:2)
  2 orcs
  A kobold (D:3)
  A ball python (D:3)
  A bat (D:3)
  A goblin (D:1)
10 creatures vanquished.

Vanquished Creatures (collateral kills)
  A lemure (D:5)
  2 scorpions
  A necrophage (D:4)
  A hound (D:4)
  An orc priest (D:4)
  An iguana (D:3)
  2 orc wizards (D:3)
  A worm (D:3)
  3 dart slugs
  6 orcs
  4 endoplasms
  2 giant cockroaches
  2 goblins (D:3)
  4 hobgoblins
  2 kobolds
  4 quokkas
  6 ball pythons
  5 bats
  2 frilled lizards (D:3)
  2 rats
52 creatures vanquished.

Grand Total: 62 creatures vanquished

Notes
Turn   | Place    | Note
-------+----------+-------------------------------------------
     0 | D:1      | RatsInWalls the Merfolk Summoner began the quest for the
                  | Orb.
     0 | D:1      | Reached XP level 1. HP: 13/13 MP: 3/3
    21 | D:1      | Found a faded altar of an unknown god.
   633 | D:1      | Found Waqia's Antique Weapon Emporium.
   658 | D:1      | Reached XP level 2. HP: 19/20 MP: 1/5
  1080 | D:2      | Learned a level 2 spell: Call Imp
  1363 | D:2      | Reached XP level 3. HP: 25/25 MP: 2/6
  1527 | D:2      | Reached skill level 1 in Fighting
  2153 | D:3      | Reached skill level 1 in Polearms
  2153 | D:3      | Reached XP level 4. HP: 32/32 MP: 4/7
  2856 | D:3      | Noticed a scorpion
  2861 | D:3      | Reached XP level 5. HP: 38/38 MP: 5/9
  3457 | D:3      | Learned a level 3 spell: Call Canine Familiar
  4137 | D:4      | Reached XP level 6. HP: 46/46 MP: 4/10
  4262 | D:4      | Reached skill level 5 in Summonings
  4438 | D:4      | Identified the +5 spear "Jighie Exis" {vorpal, rN+++ Int-5
                  | SInv Stlth-}
  4763 | D:5      | Entered Level 5 of the Dungeon
  4809 | D:5      | Noticed Pikel
  4834 | D:4      | Reached skill level 1 in Armour
  4834 | D:4      | Reached XP level 7. HP: 28/52 MP: 5/12
  4990 | D:4      | Slain by Pikel

Illustrated notes

Levels and vault maps discovered:
D:1:      pf_arrival_petrified_forest, layout_rooms,
          hellmonk_ecumenical_altar_run_dry, serial_shops, nicolae_shop_crystal,
          dk_noncrumbling_4, minivault_14
D:2:      layout_rooms
D:3:      layout_loops_ring, minmay_increasing_density
D:4:      layout_loops_ring
D:5:      nicolae_cairo_tiling_large_dashed, layout_loops_ring,
          patterned_corridor, uniq_pikel

Skill      XL: |  1  2  3  4  5  6 |
---------------+-------------------+-----
Dodging        | 3 4 |  4.7
Fighting       | 1 2 3 |  3.0
Polearms       | 1 2 3 |  3.2
Spellcasting   | 3 |  3.3
Summonings     | 5 |  5.1
Armour         | 1 |  1.0
Stealth        | |  2.2

Action                   |  1- 3 |  4- 6 |  7- 9 || total
-------------------------+-------+-------+-------++-------
Melee: Unarmed           |    13 |       |       ||    13
       Spear             |    38 |    54 |       ||    92
 Cast: Summon Small Mamm |    36 |    23 |     3 ||    62
       Call Imp          |    12 |    21 |     1 ||    34
       Call Canine Famil |       |    14 |     1 ||    15
 Stab: Sleeping          |     1 |     1 |       ||     2
       Distracted        |       |     1 |       ||     1
Armor: Robe              |    14 |     8 |       ||    22
Dodge: Dodged            |    45 |    32 |     3 ||    80

Table legend: (Time is in decaauts)
 A = Elapsed time spent in this place.
 B = Non-inter-level travel time spent in this place.
 C = Inter-level travel time spent in this place.
 D = Time resting spent in this place.
 E = Time spent auto-exploring this place.
 F = Levels seen in this place.
 G = Mean time per level.
                   A        B        C        D        E       F      G
               +--------+--------+--------+--------+--------+-----+--------+
         Total |   4990 |   4728 |    262 |   1864 |   2040 |   5 |  998.0 |
       Dungeon |   4990 |   4728 |    262 |   1864 |   2040 |   5 |  998.0 |
               +--------+--------+--------+--------+--------+-----+--------+

Top non-repeatable levels by time:
     D:3: 1651 daAuts
     D:2: 1136 daAuts
     D:4: 1123 daAuts
     D:1: 1026 daAuts
     D:5: 54 daAuts
